AoeStats
← unicorn

Arabia

511019797Analyzed
1v1 RM · 9h ago on Oct 3, 2026· 42m 58s· 2 players
Game mode
Random Map
Map size
Tiny (2 player)
Population
200
Speed
Normal
Resources
Standard
Victory
Conquest
Starting age
Dark Age
Ending age
Imperial Age
RankedLock teamsTeams togetherTeam positionsShared explorationLock speedFull tech treeHidden civsTurbo modeCheats
Victory
Defeat
🇫🇷 Teutons · France
1349
+16
🇷🇺 Danes · Russia
1343
-16
unicorn
8:02 Loom
10:48 Feudal Age
11:13 Double-Bit Axe
11:38 Horse Collar
17:35 Fletching
17:45 Padded Archer Armor
22:48 Castle Age
21:22 Gold Mining
22:51 Crossbowman
23:27 Bodkin Arrow
27:31 Ballistics
27:55 Husbandry
28:18 Thumb Ring
31:42 Wheelbarrow
32:24 Bloodlines
38:58 Squires
39:54 Scale Mail Armor
42:00 Forging
42:48 Chain Mail Armor
smooth_operator
7:26 Loom
9:46 Feudal Age
9:50 Man-at-Arms
14:10 Double-Bit Axe
15:56 Fletching
16:40 Padded Archer Armor
17:57 Horse Collar
23:40 Castle Age
21:49 Gold Mining
22:41 Bloodlines
23:15 Scale Barding Armor
23:21 Forging
23:50 Elite Skirmisher
27:10 Chain Barding Armor
31:47 Town Watch
34:17 Elite Skirmisher
39:48 Imperial Age
39:02 Wheelbarrow
39:06 Stone Mining
40:05 Ballistics
40:04 Leather Archer Armor
39:44 Bodkin Arrow
40:27 Iron Casting
39:49 Cavalier
Connection lost

Rejoining the realm…

Still unreachable

The connection could not be restored.

Session expired

The server has moved on; the page needs a fresh start.